 Dungeon Crawl Stone Soup version 0.28-a0-381-g937acc2988 (webtiles) character file.

Game seed: 14115194773198229757

366 Dittersdorf the Skirmisher (level 6, -4/60 HPs)
             Began as a Gargoyle Fighter on Sept 1, 2021.
             Slain by an orc (6 damage)
             ... on level 4 of the Dungeon.
             The game lasted 00:07:06 (4671 turns).

Dittersdorf the Skirmisher (Gargoyle Fighter)       Turns: 4671, Time: 00:07:07

Health: -4/60      AC: 23    Str: 21    XL:     6   Next: 68%
Magic:  6/6        EV:  2    Int:  9    God:
Gold:   49         SH:  0    Dex:  9    Spells: 5/5 levels left

rFire   . . .      SeeInvis .   a - +0 morningstar
rCold   . . .      Faith    .   e - +0 kite shield
rNeg    + + +      Spirit   .   (armour currently unavailable)
rPois   ∞          Reflect  .   (helmet currently unavailable)
rElec   .          Harm     .   (cloak currently unavailable)
rCorr   .          Rampage  .   (gloves currently unavailable)
Will    .....      NoTele   +   (boots currently unavailable)
Stlth   +.........              (no amulet)
HPRegen 0.20/turn               m - +4 ring of evasion
MPRegen 0.10/turn               (no ring)

@: confused, tree-form (expiring)
A: stationary, stasis, torment immunity, boosted hp, sickness immunity, AC +4,
negative energy resistance 1, (electricity resistance), torment resistance 1,
petrification resistance
a: no special abilities


You were on level 4 of the Dungeon.
You were a tree.
You visited 1 branch of the dungeon, and saw 4 of its levels.
You also visited: Sewer.

You collected 216 gold pieces.
You spent 167 gold pieces at shops.

Inventory:

Hand Weapons
 a - a +0 morningstar (weapon)
Armour
 b - a +0 scale mail (melded)
 e - a +0 kite shield (worn)
 k - a +0 plate armour
Jewellery
 m - a +4 ring of evasion (left branch)
Scrolls
 c - a scroll of fear
 f - a scroll of blinking
 h - a scroll of summoning
 i - a scroll of teleportation
Potions
 d - a potion of might
 j - a potion of cancellation
 n - a potion of flight
 o - a potion of invisibility


   Skills:
 + Level 5.1 Fighting
 + Level 4.1 Maces & Flails
 + Level 5.1 Armour
 - Level 4.0 Shields


You had 5 spell levels left.
You didn't know any spells.
Your spell library contained the following spells:

 Spells                   Type           Power      Damage    Failure   Level
 Apportation              Tloc           0%         N/A       86%         1
 Alistair's Intoxication  Tmut/Pois      0%         N/A       100%        5
 Invisibility             Hex            0%         N/A       100%        6


Dungeon Overview and Level Annotations

Branches:
Dungeon (4/15)              Sewer (visited)
 Temple: D:4-7

Altars:

Shops:
D:3 [   D:4 (


Innate Abilities, Weirdness & Mutations

You are a tree.
Your roots penetrate the ground, keeping you stationary.
You cannot be teleported.
You are immune to unholy pain and torment.
Your maximum health is greatly increased.
Your equipment is partially melded.
You are immune to sickness and miasma.
((Your stone body is resilient. (AC +4)))
You are immune to poison.
You resist negative energy. (rN+)
((You are resistant to electric shocks. (rElec)))
You are resistant to unholy torment.
You are immune to petrification.


Message History

The orc hits you but does no damage.
You sock the orc!
You kill the orc!
Something hits you but does no damage. The orc completely misses you.
Something hits you but does no damage. The orc hits you but does no damage.
Your shield prevents you from hitting something.
Something completely misses you. The orc hits you but does no damage.
You hit something. Something hits you but does no damage.
You block the orc's attack. Something hits you but does no damage.
The orc hits you but does no damage.
You barely miss something.
You hear some strange, mumbled words.
Something tries to affect you, but you resist.
The orc hits you but does no damage.
Your shield prevents you from hitting something.
An orc wizard appears from thin air!
Reactivating autopickup.
The orc wizard gestures at you while chanting.
You resist with some effort. You block the orc's attack.
The orc wizard gestures at you while chanting.
You are confused.
The orc hits you but does no damage.
You attack the rock wall.
Your transformation is almost over.
The orc wizard hits you but does no damage.
The orc hits you but does no damage.
You attack the rock wall.
The orc wizard hits you but does no damage.
The orc hits you but does no damage.
The orc wizard gestures wildly while chanting.
The orc wizard flickers and vanishes!
Deactivating autopickup; reactivate with Ctrl-A.
The orc hits you but does no damage.
You attack the rock wall.
Something hits you.
* * * LOW HITPOINT WARNING * * *
The orc hits you but does no damage.
You closely miss something. Something hits you but does no damage.
The orc hits you but does no damage. Something hits you but does no damage.
The orc hits you from afar with a +0 trident.
You die...

#..## ##...##
#.....###
.....#.
...... ##.o..
#..#{# #..#♣#
###..#<###.#
#..........#
#.#..##.##.#
##.#>.# .#
#..#..##.##.
#.##........#
#.....##.####
#.##### ...$#


You could see an orc.

Vanquished Creatures
  A water moccasin (Sewer)
  A hound (D:3)
  Jessica (D:2)
  An iguana (D:4)
  Ijyb (D:3)
  Terence (D:2)
  A hound skeleton (D:4)
  Robin (D:2)
  An adder (D:2)
  2 worms
  4 dart slugs
  3 orcs
  10 ball pythons
  7 endoplasms
  3 giant cockroaches
  9 goblins
  8 hobgoblins
  3 jackals
  A quokka (D:1)
  6 bats
  A frilled lizard (D:1)
  12 kobolds
  5 rats
83 creatures vanquished.

Notes
Turn   | Place    | Note
-------+----------+-------------------------------------------
     0 | D:1      | Dittersdorf the Gargoyle Fighter began the quest for the
                  | Orb.
     0 | D:1      | Reached XP level 1. HP: 14/14 MP: 1/1
   180 | D:1      | Reached XP level 2. HP: 8/19 MP: 2/2
   676 | D:1      | Reached XP level 3. HP: 23/23 MP: 3/3
  1077 | D:2      | Noticed Robin
  1091 | D:2      | Killed Robin
  1717 | D:2      | Noticed Jessica
  1730 | D:2      | Reached XP level 4. HP: 18/29 MP: 4/4
  1755 | D:2      | Killed Jessica
  2157 | D:2      | Noticed Terence
  2183 | D:2      | Killed Terence
  2184 | D:2      | Reached XP level 5. HP: 26/33 MP: 5/5
  2246 | D:2      | Found a faded altar of an unknown god.
  2929 | D:3      | Found Yclub's Armour Emporium.
  2936 | D:3      | Bought a +0 kite shield for 63 gold pieces
  2981 | D:3      | Found a glowing drain.
  3001 | Sewer    | Entered a sewer
  3163 | Sewer    | Noticed a water moccasin
  3195 | Sewer    | Killed a water moccasin
  3196 | Sewer    | Reached XP level 6. HP: 18/39 MP: 6/6
  4242 | D:4      | Noticed Ijyb
  4311 | D:3      | Killed Ijyb
  4406 | D:4      | Reached skill level 5 in Fighting
  4420 | D:4      | Reached skill level 5 in Armour
  4610 | D:4      | Found Pogoen's Antique Weapon Boutique.
  4618 | D:4      | Bought a morningstar for 104 gold pieces
  4656 | D:4      | HP: 2/40 [something (1)]
  4661 | D:4      | HP: 2/60 [something/puff of flame (2)]
  4670 | D:4      | HP: 2/60 [something (2)]
  4671 | D:4      | Slain by an orc

Illustrated notes

Levels and vault maps discovered:
D:1:      ncdulo_lavacross, layout_rooms, minmay_tromino_v7
D:2:      layout_basic, ebering_ecumenical_altar_rust, uniq_robin, uniq_jessica,
          uniq_terence
D:3:      layout_basic, serial_shops, nicolae_lakefront_shop,
          cheibrodos_sewer_entry_bend, kennysheep_generic_room_14
D:4:      layout_loops_ring, serial_shops, shop, nicolae_shop_waterfront,
          uniq_duvessa, uniq_ijyb

Skill      XL: |  1  2  3  4  5  6 |
---------------+-------------------+-----
Fighting       | 4 5 |  5.1
Maces & Flails | 3 4 |  4.1
Armour         | 4 5 |  5.1
Shields        | 4 |  4.0

Action                   |  1- 3 |  4- 6 || total
-------------------------+-------+-------++-------
Melee: Flail             |   106 |   220 ||   326
       Morningstar       |       |    26 ||    26
  Use: Scroll            |       |    14 ||    14
       Potion            |       |     1 ||     1
Armor: Scale mail        |    92 |   116 ||   208
       Skin              |       |    32 ||    32
Dodge: Dodged            |    99 |   193 ||   292
Block: Buckler           |    46 |    23 ||    69
       Kite shield       |       |    90 ||    90

Table legend: (Time is in decaauts)
 A = Elapsed time spent in this place.
 B = Non-inter-level travel time spent in this place.
 C = Inter-level travel time spent in this place.
 D = Time resting spent in this place.
 E = Time spent auto-exploring this place.
 F = Levels seen in this place.
 G = Mean time per level.
                   A        B        C        D        E       F      G
               +--------+--------+--------+--------+--------+-----+--------+
         Total |   4824 |   4649 |    175 |   1539 |   2083 |   5 |  964.8 |
       Dungeon |   4361 |   4186 |    175 |   1378 |   1909 |   4 | 1090.2 |
         Sewer |    463 |    463 |      0 |    161 |    174 |   1 |  463.0 |
               +--------+--------+--------+--------+--------+-----+--------+

Top non-repeatable levels by time:
     D:1: 1575 daAuts
     D:2: 1367 daAuts
     D:3: 1067 daAuts
   Sewer: 463 daAuts
     D:4: 350 daAuts
